 Dungeon Crawl Stone Soup version 0.31-a0-198-g2ad674f65e (webtiles) character file.

Game seed: 7199186260162314129

56 qw the Shooter (level 3, 0/20 HPs)
             Began as a Deep Elf Hunter on June 25, 2023.
             Succumbed to an adder's poison
             ... on level 2 of the Dungeon.
             The game lasted 00:00:28 (803 turns).

qw the Shooter (Deep Elf Hunter)                     Turns: 803, Time: 00:00:29

Health: 0/20       AC:  4    Str: 10    XL:     3   Next: 71%
Magic:  5/5        EV: 12    Int: 13    God:
Gold:   59         SH:  0    Dex: 18    Spells: 2/2 levels left

rFire   . . .        Y - +0 shortbow
rCold   . . .        (shield currently unavailable)
rNeg    . . .        c - +0 leather armour
rPois   +            (no helmet)
rElec   .            m - +0 cloak
rCorr   .            (no gloves)
SInv    .            (no boots)
Will    .....        (no amulet)
Stlth   ++           n - ring of poison resistance
HPRegen 0.23/turn    (no ring)
MPRegen 0.09/turn

%: no passive effects
@: lethally poisoned (0 -> -1)
A: no striking features
a: no special abilities


You were on level 2 of the Dungeon.
You visited 1 branch of the dungeon, and saw 2 of its levels.

You collected 59 gold pieces.


   Skills:
 - Level 1.5 Fighting
 + Level 7.2 Ranged Weapons
 - Level 2.4 Dodging
 - Level 1.2 Stealth


You had 2 spell levels left.
You didn't know any spells.
Your spell library was empty.

Inventory:

Hand Weapons
 Y - a +0 shortbow (weapon)
Armour
 c - a +0 leather armour (worn)
 m - a +0 cloak (worn)
Jewellery
 n - a ring of poison resistance (left hand)
Scrolls
 a - a scroll of identify
Potions
 b - a potion of invisibility {unknown}
 d - a potion of lignification {unknown}
 e - a potion of mutation {unknown}
 f - a potion of berserk rage {unknown}
 g - a potion of attraction {unknown}
 i - a potion of heal wounds {unknown}
 k - a potion of curing {unknown}

Dungeon Overview and Level Annotations

Branches:
Dungeon (2/15)

Altars:


Message History

You shoot an arrow. The arrow barely misses the adder.
You shoot an arrow. The arrow closely misses the adder.
The adder misses you.
You shoot an arrow. The arrow barely misses the adder.
The arrow hits the frilled lizard.
The frilled lizard is heavily wounded.
The adder bites you. The adder misses you.
You shoot an arrow. The arrow misses the adder.
The arrow barely misses the frilled lizard.
The adder bites you.
You are poisoned.
The adder poisons you!
You shoot an arrow. The arrow barely misses the adder.
The arrow misses the frilled lizard.
You feel sick. The adder bites you.
You shoot an arrow. The arrow closely misses the adder.
The arrow barely misses the frilled lizard.
You feel sick. The adder bites you.
You are more poisoned.
The adder poisons you! The adder barely misses you.
You shoot an arrow. The arrow barely misses the adder.
The arrow misses the frilled lizard.
You feel sick. The adder bites you.
You shoot an arrow.
The arrow hits the adder but does no damage.
You feel sick. The adder closely misses you. The adder barely misses you.
You shoot an arrow. The arrow barely misses the adder.
The arrow closely misses the frilled lizard.
You feel sick.
The frilled lizard hisses.
The adder misses you.
You shoot an arrow. The arrow hits the adder.
The adder is heavily wounded.
You feel sick. The adder barely misses you. The adder closely misses you.
You shoot an arrow. The arrow barely misses the adder.
The arrow hits the frilled lizard!
You kill the frilled lizard!
You feel sick. The adder bites you but does no damage.
You shoot an arrow. The arrow closely misses the adder.
You die...

....#..####..'..#
.####........#..#
## #...%....#..##
# #..#'##..#)..# #
####(.####...#
#######8..#..'..##
##.......##..#..##
.'..)....##..#...#
.######8..#..#..@#
## ##..######S#
#+## ..# ...#
....# ######


You could see an adder.

Vanquished Creatures
  An adder (D:2)
  A dart slug (D:1)
  5 ball pythons
  5 bats
  6 endoplasms
  3 hobgoblins
  2 quokkas (D:2)
  7 frilled lizards
  6 goblins
  5 kobolds
  2 rats (D:1)
43 creatures vanquished.

Notes
Turn   | Place    | Note
-------+----------+-------------------------------------------
     0 | D:1      | qw the Deep Elf Hunter began the quest for the Orb.
     0 | D:1      | Reached XP level 1. HP: 12/12 MP: 3/3
     0 | D:1      | 0 ||| qw: Version: 0.3-a-22-g0ed2b0b
     0 | D:1      | 0 ||| qw: Game counter: 5218
     0 | D:1      | 0 ||| qw: Melee chars always use a shield: true
     0 | D:1      | 0 ||| qw: God list: Okawaru
     0 | D:1      | 0 ||| qw: Allow faded altars: false
     0 | D:1      | 0 ||| qw: Do Orc after clearing Dungeon:15 true
     0 | D:1      | 0 ||| qw: Do second Lair branch before Depths: true
     0 | D:1      | 0 ||| qw: Lair rune preference: random
     0 | D:1      | 0 ||| qw: Goals: Normal
     0 | D:1      | 0 ||| PLANNING D:1-11
   140 | D:1      | Reached XP level 2. HP: 16/16 MP: 4/4
   146 | D:1      | Reached skill level 6 in Ranged Weapons
   446 | D:1      | Reached XP level 3. HP: 20/20 MP: 5/5
   458 | D:1      | 458 ||| UPGRADING to +0 cloak.
   463 | D:1      | 463 ||| UPGRADING to ring of poison resistance.
   464 | D:1      | 464 ||| READING scroll labelled XOYKLOSS JUHU.
   465 | D:1      | 465 ||| READING scroll labelled VOBROMETAE.
   566 | D:1      | 566 ||| READING scroll labelled QAUKHI EREBRIKO.
   567 | D:1      | 567 ||| READING scroll labelled FUMPIG INYESEI.
   571 | D:1      | 571 ||| READING scroll labelled DUTODI CUUHA.
   572 | D:1      | 572 ||| DROPPING scroll of butterflies.
   681 | D:2      | Reached skill level 7 in Ranged Weapons
   799 | D:2      | HP: 4/20 [poisoned by an adder]
   802 | D:2      | HP: 1/20 [poisoned by an adder]
   803 | D:2      | Succumbed to an adder's poison

Levels and vault maps discovered:
D:1:      lemuel_arrival_cross, layout_rooms, moated_statue, minmay_misc_feat_x
D:2:      minmay_chambers_of_twos, layout_rooms, kennysheep_doodads,
          uniq_crazy_yiuf_cottage

Skill      XL: |  1  2  3 |
---------------+----------+-----
Ranged Weapons | 6 7 |  7.2
Fighting       | |  1.5
Dodging        | |  2.4
Stealth        | |  1.2

Action                     || total
---------------------------++-------
   Fire: Shortbow          ||   118
    Use: Scroll            ||     5
 Armour: Leather armour    ||    11
  Dodge: Dodged            ||    35

Table legend:
 A = Non-vault XP
 B = Vault XP
 C = Vault XP percentage of total XP
 D = Non-vault monster count
 E = Vault monster count
 F = Vault count percentage of total count
                 A         B        C        D         E       F
            +---------+---------+-------+---------+---------+-------
      Total |      72 |       9 |  11.1 |      36 |       7 |  16.3
            +---------+---------+-------+---------+---------+-------
        D:1 |      43 |       0 |   0.0 |      26 |       0 |   0.0
        D:2 |      29 |       9 |  23.7 |      10 |       7 |  41.2
            +---------+---------+-------+---------+---------+-------
